[ AOE2 MATCH · #507839042 ]
UnrankedMongols vs Vietnamese
Player's team · WIN
Rival team · LOSS
[ REPLAY ANALYSIS · EXTRACTED FROM THE RECORDED GAME ]
Feudal
13:14
Castle
—
Imperial
—
| APM avg | 62.6 |
| APM peak | 91 |
| eAPM avg | 24.6 |
| Villagers / military | 45 / 15 |
Focus
⚔️ 32.3% · 🌾 67.7%
Skirmisher ×15
Feudal
8:38
Castle
—
Imperial
—
| APM avg | 77.2 |
| APM peak | 122 |
| eAPM avg | 40.5 |
| Villagers / military | 68 / 32 |
Focus
⚔️ 69.6% · 🌾 30.4%
Archer ×31 · Spearman ×1
Match map
Initial resources + every placement click. Lines = walls · curves = elevation contours. ◆ gold · ⬟ stone · ● berries · ✦ relic · ◌ wall gap
Your base· Open — unwalled flank
Ra's base· Open — unwalled flank
Smoothed initial terrain · ◌ = detected wall gap · hover for details
Inputs per minute
— Guthrie_Govan - - Ra
Build order — Guthrie_Govan
141 actions detected in the replay
| 0:00 | Create | Villager (Male) |
| 0:00 | Create | Villager (Male) |
| 0:00 | Create | Villager (Male) |
| 0:01 | Create | Villager (Male) |
| 0:02 | Build | House |
| 0:03 | Build | House |
| 1:14 | Create | Villager (Male) |
| 1:53 | Build | Lumber Camp |
| 1:57 | Create | Villager (Male) |
| 2:19 | Create | Villager (Male) |
| 2:52 | Create | Villager (Male) |
| 2:52 | Create | Villager (Male) |
| 2:54 | Create | Villager (Male) |
| 3:02 | Build | House |
| 3:23 | Build | House |
| 3:27 | Build | House |
| 3:33 | Build | House |
| 3:45 | Create | Villager (Male) |
| 3:46 | Create | Villager (Male) |
| 3:58 | Create | Villager (Male) |
| 3:59 | Create | Villager (Male) |
| 5:08 | Build | Mill |
| 5:11 | Create | Villager (Male) |
| 5:22 | Create | Villager (Male) |
| 5:52 | Research | Loom |
| 5:56 | Create | Villager (Male) |
| 5:56 | Create | Villager (Male) |
| 6:23 | Create | Villager (Male) |
| 6:58 | Build | Town Center |
| 7:03 | Build | Palisade Wall |
| 7:07 | Build | Palisade Wall |
| 7:08 | Build | Palisade Wall |
| 7:09 | Build | Palisade Wall |
| 7:14 | Build | Palisade Wall |
| 7:15 | Build | Palisade Wall |
| 7:59 | Create | Villager (Male) |
| 7:59 | Create | Villager (Male) |
| 8:02 | Create | Villager (Male) |
| 8:07 | Build | Mill |
| 8:15 | Create | Villager (Male) |
| 9:04 | Create | Villager (Male) |
| 9:28 | Create | Villager (Male) |
| 9:29 | Create | Villager (Male) |
| 9:41 | Create | Villager (Male) |
| 9:55 | Create | Villager (Male) |
| 10:34 | Build | House |
| 11:04 | Research | Feudal Age |
| 11:04 | Research | Feudal Age |
| 11:15 | Build | Lumber Camp |
| 11:59 | Build | Mining Camp |
| 12:53 | Build | Barracks |
| 13:14 | Age | Feudal Age |
| 13:15 | Build | Watch Tower |
| 13:19 | Research | Double-Bit Axe |
| 13:20 | Research | Double-Bit Axe |
| 13:21 | Create | Villager (Male) |
| 13:30 | Build | House |
| 13:32 | Build | House |
| 13:34 | Build | Palisade Wall |
| 13:37 | Build | Palisade Wall |
| 13:39 | Build | Palisade Wall |
| 13:43 | Build | Palisade Wall |
| 13:45 | Build | Palisade Wall |
| 13:53 | Create | Villager (Male) |
| 13:58 | Build | Palisade Wall |
| 13:59 | Build | Palisade Wall |
| 14:01 | Build | Palisade Wall |
| 14:02 | Build | Palisade Wall |
| 14:03 | Build | Palisade Wall |
| 14:05 | Create | Villager (Male) |
| 14:28 | Build | Archery Range |
| 14:39 | Create | Villager (Male) |
| 14:48 | Build | Palisade Wall |
| 14:50 | Create | Villager (Male) |
| 15:02 | Create | Skirmisher |
| 15:03 | Create | Skirmisher |
| 15:14 | Build | Outpost |
| 15:21 | Build | Outpost |
| 15:43 | Build | Watch Tower |
| 15:54 | Build | House |
| 15:56 | Build | House |
| 16:09 | Build | Farm |
| 16:36 | Build | Blacksmith |
| 16:57 | Build | Watch Tower |
| 16:58 | Create | Villager (Male) |
| 17:09 | Build | Watch Tower |
| 17:23 | Create | Villager (Male) |
| 17:32 | Research | Fletching |
| 17:59 | Build | Palisade Wall |
| 18:09 | Build | Palisade Wall |
| 18:15 | Create | Villager (Male) |
| 18:19 | Build | Farm |
| 18:36 | Create | Skirmisher |
| 18:42 | Build | Farm |
| 18:43 | Build | Farm |
| 18:55 | Build | Watch Tower |
| 19:23 | Create | Skirmisher |
| 19:59 | Create | Skirmisher |
| 20:33 | Create | Skirmisher |
| 20:39 | Build | Farm |
| 20:46 | Build | Farm |
| 20:47 | Build | Farm |
| 21:30 | Build | Watch Tower |
| 21:46 | Create | Skirmisher |
| 21:47 | Create | Skirmisher |
| 22:26 | Create | Skirmisher |
| 22:41 | Create | Villager (Male) |
| 23:02 | Build | Farm |
| 23:03 | Build | Farm |
| 23:04 | Build | Farm |
| 23:40 | Create | Villager (Male) |
| 23:41 | Create | Skirmisher |
| 23:41 | Create | Skirmisher |
| 23:48 | Build | Farm |
| 23:55 | Build | Watch Tower |
| 24:00 | Create | Villager (Male) |
| 24:28 | Create | Skirmisher |
| 24:29 | Create | Villager (Male) |
| 24:39 | Create | Skirmisher |
| 24:55 | Create | Skirmisher |
| 25:08 | Create | Villager (Male) |
| 25:11 | Build | Watch Tower |
| 25:48 | Build | Watch Tower |
| 26:05 | Create | Villager (Male) |
| 26:10 | Build | Mining Camp |
| 26:12 | Build | Palisade Wall |
| 26:12 | Build | Palisade Wall |
| 26:13 | Build | Palisade Wall |
| 26:14 | Build | Palisade Wall |
| 26:14 | Build | Palisade Wall |
| 26:16 | Build | Palisade Wall |
| 26:16 | Build | Palisade Wall |
| 26:17 | Build | Palisade Wall |
| 26:18 | Build | Palisade Wall |
| 26:39 | Build | Watch Tower |
| 26:45 | Build | Watch Tower |
| 26:48 | Create | Skirmisher |
| 26:49 | Create | Villager (Male) |
| 26:54 | Build | Farm |
| 26:55 | Create | Villager (Male) |
| 27:24 | Create | Villager (Male) |
Build order — Ra
First 150 of 161 actions detected
| 0:00 | Create | Villager (Male) |
| 0:00 | Create | Villager (Male) |
| 0:00 | Create | Villager (Male) |
| 0:01 | Build | House |
| 0:02 | Build | House |
| 0:04 | Create | Villager (Male) |
| 1:24 | Create | Villager (Male) |
| 1:24 | Create | Villager (Male) |
| 1:51 | Build | Lumber Camp |
| 1:56 | Create | Villager (Male) |
| 1:56 | Create | Villager (Male) |
| 1:57 | Create | Villager (Male) |
| 2:13 | Create | Villager (Male) |
| 2:13 | Create | Villager (Male) |
| 2:13 | Create | Villager (Male) |
| 2:45 | Create | Villager (Male) |
| 2:45 | Create | Villager (Male) |
| 3:19 | Create | Villager (Male) |
| 3:19 | Create | Villager (Male) |
| 3:19 | Create | Villager (Male) |
| 3:25 | Create | Villager (Male) |
| 3:25 | Create | Villager (Male) |
| 3:52 | Build | House |
| 4:08 | Create | Villager (Male) |
| 4:08 | Create | Villager (Male) |
| 4:08 | Create | Villager (Male) |
| 4:14 | Build | House |
| 4:45 | Create | Villager (Male) |
| 4:45 | Create | Villager (Male) |
| 5:10 | Build | Mill |
| 5:13 | Create | Villager (Male) |
| 5:13 | Create | Villager (Male) |
| 5:31 | Research | Loom |
| 6:28 | Research | Feudal Age |
| 6:28 | Research | Feudal Age |
| 7:18 | Build | Barracks |
| 8:36 | Create | Villager (Male) |
| 8:38 | Age | Feudal Age |
| 8:45 | Build | Archery Range |
| 8:57 | Create | Villager (Male) |
| 9:03 | Build | Blacksmith |
| 9:21 | Create | Villager (Male) |
| 9:38 | Create | Archer |
| 9:38 | Create | Archer |
| 9:47 | Create | Villager (Male) |
| 10:06 | Create | Villager (Male) |
| 10:23 | Build | House |
| 10:26 | Build | House |
| 10:43 | Build | Mining Camp |
| 11:09 | Build | Palisade Wall |
| 11:10 | Build | Palisade Wall |
| 11:13 | Build | Palisade Wall |
| 11:14 | Build | Palisade Wall |
| 11:17 | Build | Palisade Wall |
| 11:31 | Create | Archer |
| 11:37 | Create | Archer |
| 11:49 | Build | Town Center |
| 12:19 | Create | Archer |
| 12:22 | Build | House |
| 12:43 | Create | Archer |
| 12:43 | Create | Archer |
| 13:01 | Create | Villager (Male) |
| 13:01 | Create | Villager (Male) |
| 13:01 | Create | Villager (Male) |
| 13:02 | Create | Villager (Male) |
| 13:02 | Create | Villager (Male) |
| 13:18 | Create | Archer |
| 13:20 | Create | Spearman |
| 13:27 | Create | Villager (Male) |
| 13:34 | Build | House |
| 13:40 | Research | Padded Archer Armor |
| 13:41 | Research | Fletching |
| 13:41 | Research | Fletching |
| 14:00 | Create | Archer |
| 14:01 | Create | Archer |
| 14:09 | Build | House |
| 14:31 | Create | Villager (Male) |
| 14:31 | Create | Archer |
| 14:32 | Create | Archer |
| 14:48 | Create | Villager (Male) |
| 14:48 | Create | Villager (Male) |
| 14:48 | Create | Villager (Male) |
| 14:58 | Build | House |
| 15:16 | Build | Palisade Wall |
| 15:18 | Build | Palisade Wall |
| 15:19 | Build | Palisade Wall |
| 15:30 | Create | Archer |
| 15:31 | Create | Archer |
| 15:40 | Create | Archer |
| 15:42 | Research | Padded Archer Armor |
| 15:42 | Research | Padded Archer Armor |
| 16:09 | Create | Villager (Male) |
| 16:11 | Build | Market |
| 16:15 | Create | Villager (Male) |
| 16:31 | Create | Villager (Male) |
| 16:48 | Create | Archer |
| 17:05 | Build | Watch Tower |
| 17:07 | Create | Archer |
| 17:07 | Create | Archer |
| 17:11 | Build | House |
| 17:15 | Build | Palisade Wall |
| 17:17 | Build | Palisade Wall |
| 17:35 | Build | Farm |
| 17:40 | Build | Farm |
| 17:43 | Build | Farm |
| 17:47 | Build | Farm |
| 17:47 | Build | Farm |
| 17:48 | Build | Farm |
| 18:16 | Create | Archer |
| 18:16 | Create | Archer |
| 18:28 | Build | Farm |
| 18:45 | Build | Farm |
| 18:46 | Build | Farm |
| 19:15 | Create | Villager (Male) |
| 19:28 | Create | Villager (Male) |
| 19:32 | Build | Farm |
| 19:32 | Build | Farm |
| 19:46 | Create | Archer |
| 19:46 | Create | Archer |
| 20:02 | Create | Villager (Male) |
| 20:17 | Create | Villager (Male) |
| 20:25 | Create | Villager (Male) |
| 20:32 | Build | Mill |
| 20:32 | Build | Farm |
| 20:32 | Build | Farm |
| 20:33 | Build | Farm |
| 20:42 | Create | Villager (Male) |
| 20:43 | Create | Archer |
| 20:44 | Create | Archer |
| 20:46 | Build | House |
| 21:27 | Create | Villager (Male) |
| 21:37 | Create | Villager (Male) |
| 21:55 | Build | Mining Camp |
| 21:56 | Create | Villager (Male) |
| 22:04 | Create | Archer |
| 22:04 | Create | Archer |
| 22:08 | Create | Villager (Male) |
| 22:14 | Research | Town Watch |
| 22:46 | Create | Archer |
| 23:15 | Create | Villager (Male) |
| 23:32 | Create | Archer |
| 23:36 | Create | Archer |
| 23:36 | Create | Archer |
| 23:37 | Create | Villager (Male) |
| 23:41 | Create | Villager (Male) |
| 23:41 | Create | Villager (Male) |
| 23:43 | Create | Villager (Male) |
| 23:54 | Build | Mill |
| 24:13 | Create | Villager (Male) |
| 24:36 | Create | Villager (Male) |
Match timeline
| 7:03 | Guthrie_Govan · wall_segment Palisade Wall x1 |
| 7:07 | Guthrie_Govan · wall_segment Palisade Wall x1 |
| 7:08 | Guthrie_Govan · wall_segment Palisade Wall x1 |
| 7:09 | Guthrie_Govan · wall_segment Palisade Wall x1 |
| 7:14 | Guthrie_Govan · wall_segment Palisade Wall x1 |
| 7:15 | Guthrie_Govan · wall_segment Palisade Wall x1 |
| 7:18 | Ra · first_building Barracks |
| 8:38 | Ra · age_up feudal |
| 8:45 | Ra · first_building Archery Range |
| 11:09 | Ra · wall_segment Palisade Wall x1 |
| 11:10 | Ra · wall_segment Palisade Wall x1 |
| 11:13 | Ra · wall_segment Palisade Wall x1 |
| 11:14 | Ra · wall_segment Palisade Wall x1 |
| 11:17 | Ra · wall_segment Palisade Wall x1 |
| 12:53 | Guthrie_Govan · first_building Barracks |
| 13:14 | Guthrie_Govan · age_up feudal |
| 13:34 | Guthrie_Govan · wall_segment Palisade Wall x1 |
| 13:37 | Guthrie_Govan · wall_segment Palisade Wall x1 |
| 13:39 | Guthrie_Govan · wall_segment Palisade Wall x1 |
| 13:43 | Guthrie_Govan · wall_segment Palisade Wall x1 |
| 13:45 | Guthrie_Govan · wall_segment Palisade Wall x1 |
| 13:58 | Guthrie_Govan · wall_segment Palisade Wall x1 |
| 13:59 | Guthrie_Govan · wall_segment Palisade Wall x1 |
| 14:01 | Guthrie_Govan · wall_segment Palisade Wall x1 |
| 14:02 | Guthrie_Govan · wall_segment Palisade Wall x1 |
| 14:03 | Guthrie_Govan · wall_segment Palisade Wall x1 |
| 14:28 | Guthrie_Govan · first_building Archery Range |
| 14:48 | Guthrie_Govan · wall_segment Palisade Wall x1 |
| 15:16 | Ra · wall_segment Palisade Wall x6 |
| 15:18 | Ra · wall_segment Palisade Wall x1 |
| 15:19 | Ra · wall_segment Palisade Wall x1 |
| 17:03 | Ra · first_market_buy 100 stone |
| 17:15 | Ra · wall_segment Palisade Wall x1 |
| 17:17 | Ra · wall_segment Palisade Wall x1 |
| 17:59 | Guthrie_Govan · wall_segment Palisade Wall x1 |
| 18:09 | Guthrie_Govan · wall_segment Palisade Wall x1 |
| 26:03 | Ra · first_market_sell 100 food |
| 26:12 | Guthrie_Govan · wall_segment Palisade Wall x1 |
| 26:12 | Guthrie_Govan · wall_segment Palisade Wall x1 |
| 26:13 | Guthrie_Govan · wall_segment Palisade Wall x1 |
| 26:14 | Guthrie_Govan · wall_segment Palisade Wall x1 |
| 26:14 | Guthrie_Govan · wall_segment Palisade Wall x1 |
| 26:16 | Guthrie_Govan · wall_segment Palisade Wall x1 |
| 26:16 | Guthrie_Govan · wall_segment Palisade Wall x1 |
| 26:17 | Guthrie_Govan · wall_segment Palisade Wall x1 |
| 26:18 | Guthrie_Govan · wall_segment Palisade Wall x1 |
| 27:28 | Ra · resign |
[ AI ANALYSIS · 1 CREDIT ]
What really happened in this match?
Wolo.gg analyzes every decision: build order, eco, micro, common mistakes by bracket. Personalized analysis on WhatsApp or Discord in 30 seconds.
Civ guide
Mongols
Perfil
Jugador #4224302